cohdb
Replays
Latest Replays
All Replays
Popular Replays
Top Player Replays
Match Explorer
How It Works
Community
CoH3 Stats
Reddit
Sign in to upload your games and track your stats! →
Sign in with Steam
Match 45793058
Unlisted
Match 45793058
Overview
Messages
Build Orders
End
Construct Section Command Post
Royal Engineer Section
Infantry Section
Dingo Light Scout Car
Infantry Section
Infantry Section
Construct Platoon Command Post
Humber Armored Car
Selects Indian Artillery Battlegroup
Selects Valour
Selects Gurkha Rifles Section
Construct Field Infirmary
6-pounder Anti-tank Gun Team
Selects Volunteer Infantry
Wolfe
Nikname2303
0
0
Comments
sign in to comment!
No comments posted yet!